Influenza vs High Goats
Created - 31 mars 2013 at 00:10
Goals
|
| Influenza |
0 |
1 |
1 |
2 |
| High Goats |
2 |
4 |
2 |
8 |
|
Shots
|
| Influenza |
12 |
15 |
14 |
41 |
| High Goats |
12 |
12 |
14 |
38 |
|
1st period
1. High Goats , Chris Stewart 34 (Sami Lepisto, Jesse Winchester) at 10:34
2. High Goats , Brandon Bollig 6 (Nick Bonino, Craig Weller) at 14:25
Penalties :
Jesse Winchester (Buc) for Hooking (Minor) at 0:05, Anton Stralman (Buc) for Hooking (Minor) at 5:38, Matt Taormina (Buc) for Hooking (Minor) at 11:05
2nd period
3. High Goats , Joël Perrault 15 (Pavel Brendl, Sami Lepisto) at 1:54
4. High Goats , Craig Weller 36 (Nick Bonino, Jesse Winchester) at 2:28
5. High Goats , Chris Stewart 35 (Frederic St-Denis) at 4:16
6. Influenza , Lasse Kukkonen 5 (Jamie McBain) at 13:44 (PP)
7. High Goats , Anton Stralman 7 (Nick Bonino, Sami Lepisto) at 15:16
Penalties :
Jesse Winchester (Buc) for Fighting (Major) at 3:04, Justin Abdelkader (VJB) for Fighting (Major) at 3:04, Martins Karsums (VJB) for Hooking (Minor) at 5:26, Anton Stralman (Buc) for Roughing (Minor) at 11:48, Anton Stralman (Buc) for Fighting (Major) at 18:28, Jamie McBain (VJB) for Fighting (Major) at 18:28, Jiri Tlusty (Buc) for Slashing (Minor) at 18:58
3rd period
8. Influenza , Cody McCormick 15 (Lasse Kukkonen, Ryan Russell) at 1:44
9. High Goats , Nick Bonino 7 (Craig Weller, Anton Stralman) at 6:15
10. High Goats , Pavel Brendl 6 (Joël Perrault) at 11:43
Penalties :
Ryan Vesce (VJB) for Hooking (Minor) at 13:07
Goalie Stats
Alex Stalock (VJB), 17 saves from 21 shots - (0,810), 37:32 minutes
Brent Krahn (VJB), 13 saves from 17 shots - (0,765), L, 18-16-8, 22:28 minutes
Al Montoya (Buc), 39 saves from 41 shots - (0,951), W, 8-9-1, 60:00 minutes
Players Stats for Influenza
Player Name G A P +/- PIM S H SB GA TA FO MP PP MP PK MP
------------------------------------------------------------------------------------
Alexander Sulzer 0 0 0 -2 0 0 0 1 0 0 0/0 14:27 1:08 0:00
Blake Comeau 0 0 0 -3 0 4 4 1 1 0 1/4 21:50 5:03 1:09
Carl Gunnarsson 0 0 0 -3 0 1 0 1 0 1 0/0 12:32 0:00 0:00
Cody McCormick 1 0 1 1 0 1 0 0 0 0 2/4 13:03 0:00 1:31
Corey Tropp 0 0 0 -1 0 1 0 0 0 0 0/1 8:25 0:14 0:00
Jaime Sifers 0 0 0 -4 0 0 3 0 0 0 0/0 20:21 3:39 2:09
Jamie McBain 0 1 1 -1 5 5 0 3 0 0 0/0 24:55 5:05 1:49
Juraj Mikus 0 0 0 -1 0 3 0 0 0 0 0/0 8:13 0:00 0:01
Justin Abdelkader 0 0 0 -2 5 5 2 1 1 1 1/1 19:18 5:03 0:06
Lasse Kukkonen 1 1 2 0 0 4 2 3 1 1 0/0 27:37 6:13 1:49
Martins Karsums 0 0 0 -5 2 3 2 0 0 0 2/3 17:06 4:35 0:39
Pierre-Cédric Labrie 0 0 0 -1 0 2 1 0 0 0 1/1 7:48 0:00 0:00
Rob Schremp 0 0 0 -4 0 1 3 0 1 0 7/12 17:48 4:49 1:29
Robbie Earl 0 0 0 -4 0 2 3 0 0 0 1/2 17:11 4:35 1:47
Ryan Carter 0 0 0 -3 0 5 3 0 0 1 18/31 21:04 5:03 1:05
Ryan Russell 0 1 1 1 0 1 0 0 0 0 0/0 11:41 0:00 0:09
Ryan Vesce 0 0 0 1 2 3 3 0 0 0 0/0 12:32 0:14 0:00
Tim Gleason 0 0 0 -4 0 0 0 5 0 1 0/0 20:07 3:39 2:09
Players Stats for High Goats
Player Name G A P +/- PIM S H SB GA TA FO MP PP MP PK MP
------------------------------------------------------------------------------------
Anton Stralman 1 1 2 4 9 3 0 1 0 0 0/0 22:46 1:42 2:09
Antti Laaksonen 0 0 0 2 0 6 3 1 0 0 2/3 20:53 1:11 3:56
Arturs Kulda 0 0 0 2 0 0 0 2 0 1 0/0 20:10 2:16 4:10
Brandon Bollig 1 0 1 3 0 1 1 0 0 0 0/0 9:10 0:00 0:00
Brendon Segal 0 0 0 1 0 1 1 0 0 0 1/3 10:42 1:45 0:00
Chris Stewart 2 0 2 2 0 4 1 0 0 1 2/3 22:38 1:11 5:43
Craig Weller 1 2 3 3 0 5 1 0 0 0 0/0 12:45 0:00 3:28
Drayson Bowman 0 0 0 0 0 1 0 0 1 0 0/1 9:42 0:38 0:13
Frederic St-Denis 0 1 1 2 0 0 0 2 0 1 0/0 16:39 0:00 3:55
Jesse Winchester 0 2 2 1 7 1 0 0 1 0 11/25 19:24 0:17 4:19
Jiri Tlusty 0 0 0 2 2 1 4 0 0 0 2/5 17:03 1:59 1:51
Joël Perrault 1 1 2 2 0 3 2 0 0 0 3/11 14:23 1:48 0:14
Matt Taormina 0 0 0 1 2 2 1 0 1 0 0/0 13:27 0:00 0:40
Nick Bonino 1 3 4 3 0 4 1 0 0 0 4/7 10:21 1:06 0:00
Pavel Brendl 1 1 2 2 0 3 4 0 2 0 0/0 14:17 1:59 0:00
Petteri Wirtanen 0 0 0 0 0 0 0 0 0 0 1/1 7:58 0:00 0:00
Sami Lepisto 0 3 3 3 0 2 0 3 0 1 0/0 27:50 1:42 5:42
Thomas Hickey 0 0 0 2 0 1 0 0 0 0 0/0 19:53 2:16 3:08
3 Stars
1 - Nick Bonino (Buc)
2 - Craig Weller (Buc)
3 - Chris Stewart (Buc)
Power Play
Influenza - 1 on 5 Attempt(s) - 20,00%
High Goats - 0 on 2 Attempt(s) - 0,00%
Penalty Kill
Influenza - 2 on 2 Attempt(s) - 100,00%
- Score 0 goal in Penalty Kill
High Goats - 4 on 5 Attempt(s) - 80,00%
- Score 0 goal in Penalty Kill
Official
Referees : O'Halloran Dan and Fraser Kerry
Linesman : Andy McElman and Lonnie Cameron
Game Notes
Alex Stalock enters game at 2:28 of 2nd period
Justin Abdelkader beats up Jesse Winchester at 3:04 of 2nd period
Jamie McBain beats up Anton Stralman at 18:28 of 2nd period
Influenza
5 vs 5 Forward
Center Left Wing Right Wing Time % Phy DF OF
1 Ryan Carter Justin Abdelkader Blake Comeau 40 1 1 3
2 Rob Schremp Robbie Earl Martins Karsums 30 1 1 3
3 Cody McCormick Ryan Russell Ryan Vesce 20 1 2 2
4 Juraj Mikus Pierre-Cédric Labrie Corey Tropp 10 1 2 2
5 vs 5 Defense
Defense Defense Time % Phy DF OF
1 Jamie McBain Lasse Kukkonen 40 1 2 2
2 Tim Gleason Jaime Sifers 30 1 2 2
3 Carl Gunnarsson Alexander Sulzer 20 1 2 2
4 Jamie McBain Jaime Sifers 10 1 2 2
PowerPlay Forward
Center Left Wing Right Wing Time % Phy DF OF
1 Ryan Carter Justin Abdelkader Blake Comeau 60 1 2 2
2 Rob Schremp Robbie Earl Martins Karsums 40 1 2 2
PowerPlay Defense
Defense Defense Time % Phy DF OF
1 Jamie McBain Lasse Kukkonen 60 1 2 2
2 Tim Gleason Jaime Sifers 40 1 2 2
Penalty Kill 4 Players Forward
Center Wing Time % Phy DF OF
1 Ryan Carter Blake Comeau 60 1 2 2
2 Rob Schremp Martins Karsums 40 1 2 2
Penalty Kill 4 Players Defense
Defense Defense Time % Phy DF OF
1 Jamie McBain Lasse Kukkonen 60 1 2 2
2 Tim Gleason Jaime Sifers 40 1 2 2
Penalty Kill - 3 Players Forward
Forward Time % Phy DF OF
1 Ryan Carter 60 1 2 2
2 Rob Schremp 40 1 2 2
Penalty Kill - 3 Players Defense
Defense Defense Time % Phy DF OF
1 Jamie McBain Lasse Kukkonen 60 1 2 2
2 Tim Gleason Jaime Sifers 40 1 2 2
4 vs 4 Forward
Center Wing Time % Phy DF OF
1 Ryan Carter Blake Comeau 60 1 2 2
2 Rob Schremp Justin Abdelkader 40 1 2 2
4 vs 4 Defense
Defense Defense Time % Phy DF OF
1 Jamie McBain Lasse Kukkonen 60 1 2 2
2 Tim Gleason Jaime Sifers 40 1 2 2
Last Minutes Offensive
Center Left Wing Right Wing Defense Defense
Ryan Carter Justin Abdelkader Blake Comeau Lasse Kukkonen Tim Gleason
Last Minutes Defensive
Center Left Wing Right Wing Defense Defense
Ryan Carter Justin Abdelkader Blake Comeau Lasse Kukkonen Tim Gleason
Goaltenders
Starting : Brent Krahn
Backup : Alex Stalock
Extra Forwards
Normal : Martins Karsums, Ryan Vesce, Rob Schremp - PP : Ryan Vesce, Martins Karsums - PK : Rob Schremp
Extra Defensemen
Normal : Jamie McBain, Lasse Kukkonen, Tim Gleason - PP : Jamie McBain - PK : Lasse Kukkonen, Jamie McBain
Penalty Shots
Justin Abdelkader, Ryan Carter, Martins Karsums, Rob Schremp, Robbie Earl
High Goats
5 vs 5 Forward
Center Left Wing Right Wing Time % Phy DF OF
1 Jesse Winchester Antti Laaksonen Chris Stewart 40 1 2 2
2 Joël Perrault Jiri Tlusty Pavel Brendl 30 1 2 2
3 Nick Bonino Brandon Bollig Craig Weller 20 1 2 2
4 Petteri Wirtanen Drayson Bowman Brendon Segal 10 1 2 2
5 vs 5 Defense
Defense Defense Time % Phy DF OF
1 Sami Lepisto Anton Stralman 40 1 2 2
2 Thomas Hickey Arturs Kulda 30 1 2 2
3 Frederic St-Denis Matt Taormina 20 1 2 2
4 Sami Lepisto Anton Stralman 10 1 2 2
PowerPlay Forward
Center Left Wing Right Wing Time % Phy DF OF
1 Joël Perrault Antti Laaksonen Chris Stewart 60 1 2 2
2 Jesse Winchester Jiri Tlusty Pavel Brendl 40 1 2 2
PowerPlay Defense
Defense Defense Time % Phy DF OF
1 Sami Lepisto Anton Stralman 60 1 2 2
2 Thomas Hickey Arturs Kulda 40 1 2 2
Penalty Kill 4 Players Forward
Center Wing Time % Phy DF OF
1 Jesse Winchester Chris Stewart 60 1 2 2
2 Antti Laaksonen Craig Weller 40 1 2 2
Penalty Kill 4 Players Defense
Defense Defense Time % Phy DF OF
1 Sami Lepisto Anton Stralman 60 1 2 2
2 Frederic St-Denis Arturs Kulda 40 1 2 2
Penalty Kill - 3 Players Forward
Forward Time % Phy DF OF
1 Pavel Brendl 60 1 2 2
2 Chris Stewart 40 1 2 2
Penalty Kill - 3 Players Defense
Defense Defense Time % Phy DF OF
1 Sami Lepisto Anton Stralman 60 1 2 2
2 Frederic St-Denis Arturs Kulda 40 1 2 2
4 vs 4 Forward
Center Wing Time % Phy DF OF
1 Jesse Winchester Chris Stewart 60 1 2 2
2 Joël Perrault Craig Weller 40 1 2 2
4 vs 4 Defense
Defense Defense Time % Phy DF OF
1 Sami Lepisto Anton Stralman 60 1 2 2
2 Thomas Hickey Arturs Kulda 40 1 2 2
Last Minutes Offensive
Center Left Wing Right Wing Defense Defense
Jesse Winchester Antti Laaksonen Chris Stewart Sami Lepisto Anton Stralman
Last Minutes Defensive
Center Left Wing Right Wing Defense Defense
Jesse Winchester Antti Laaksonen Chris Stewart Sami Lepisto Anton Stralman
Goaltenders
Starting : Al Montoya
Backup : Jean-Sébastien Aubin
Extra Forwards
Normal : Brendon Segal, Nick Bonino, Jiri Tlusty - PP : Brendon Segal, Nick Bonino - PK : Jiri Tlusty
Extra Defensemen
Normal : Frederic St-Denis, Thomas Hickey, Matt Taormina - PP : Frederic St-Denis - PK : Thomas Hickey, Matt Taormina
Penalty Shots
Pavel Brendl, Chris Stewart, Antti Laaksonen, Craig Weller, Joël Perrault
% Time on Ice - Influenza
Lines # - Real PCT - Wanted PCT - Time Play
Normal Forward
1 - 34% - 40% - 15:38
2 - 24% - 30% - 11:12
3 - 25% - 20% - 11:32
4 - 17% - 10% - 7:48
Normal Defense
1 - 40% - 40% - 18:25
2 - 29% - 30% - 13:34
3 - 27% - 20% - 12:32
4 - 4% - 10% - 1:39
PP Forward
1 - 51% - 60% - 5:03
2 - 49% - 40% - 4:49
PP Defense
1 - 63% - 60% - 6:13
2 - 37% - 40% - 3:39
PK Forward
1 - 74% - 60% - 2:55
2 - 26% - 40% - 1:03
PK Defense
1 - 46% - 60% - 1:49
2 - 54% - 40% - 2:09
PK3 Forward
1 - 0% - 60%
2 - 0% - 40%
PK3 Defense
1 - 0% - 60%
2 - 0% - 40%
44 Forward
1 - 0% - 60%
2 - 0% - 40%
44 Defense
1 - 0% - 60%
2 - 0% - 40%
Last Minute Offensive - 0:00
Last Minute Defensive - 0:00
Total
Forward - 60:00
Defense - 60:00
|
% Time on Ice - High Goats
Lines # - Real PCT - Wanted PCT - Time Play
Normal Forward
1 - 36% - 40% - 16:32
2 - 27% - 30% - 12:30
3 - 20% - 20% - 9:10
4 - 17% - 10% - 7:58
Normal Defense
1 - 43% - 40% - 19:54
2 - 32% - 30% - 14:37
3 - 22% - 20% - 9:56
4 - 4% - 10% - 1:43
PP Forward
1 - 45% - 60% - 1:48
2 - 55% - 40% - 2:10
PP Defense
1 - 43% - 60% - 1:42
2 - 57% - 40% - 2:16
PK Forward
1 - 65% - 60% - 6:24
2 - 35% - 40% - 3:28
PK Defense
1 - 60% - 60% - 5:57
2 - 40% - 40% - 3:55
PK3 Forward
1 - 0% - 60%
2 - 0% - 40%
PK3 Defense
1 - 0% - 60%
2 - 0% - 40%
44 Forward
1 - 0% - 60%
2 - 0% - 40%
44 Defense
1 - 0% - 60%
2 - 0% - 40%
Last Minute Offensive - 0:00
Last Minute Defensive - 0:00
Total
Forward - 60:00
Defense - 60:00
|
Play by Play
1st period
0:01 of 1st period - Blake Comeau wins face-off versus Jesse Winchester in neutral zone.
0:05 of 1st period - Minor Penalty to Jesse Winchester for Hooking.
0:06 of 1st period - Ryan Carter wins face-off versus Jiri Tlusty in High Goats zone.
0:09 of 1st period - Snap shot by Blake Comeau.
0:09 of 1st period - Shot Blocked by Sami Lepisto.
0:11 of 1st period - Snap shot by Lasse Kukkonen.
0:11 of 1st period - Stopped by Al Montoya without a rebound.
0:12 of 1st period - Jiri Tlusty wins face-off versus Ryan Carter in High Goats zone.
0:12 of 1st period - Jiri Tlusty is hit by Blake Comeau.
0:40 of 1st period - Sami Lepisto is hit by Ryan Carter and loses puck.
1:18 of 1st period - Slapshot by Ryan Carter.
1:18 of 1st period - Shot Blocked by Frederic St-Denis.
1:34 of 1st period - Snap shot by Ryan Carter.
1:34 of 1st period - Stopped by Al Montoya with a rebound.
1:36 of 1st period - Slapshot by Lasse Kukkonen.
1:36 of 1st period - Deflect By Blake Comeau.
1:36 of 1st period - Shot Misses the Net.
1:36 of 1st period - Puck is out of play.
1:37 of 1st period - Rob Schremp wins face-off versus Jiri Tlusty in High Goats zone.
2:03 of 1st period - Frederic St-Denis is hit by Rob Schremp and loses puck.
2:05 of 1st period - Penalty to Jesse Winchester is over, Jesse Winchester is back on ice.
2:20 of 1st period - Frederic St-Denis is hit by Ryan Vesce and loses puck.
3:02 of 1st period - Alexander Sulzer is hit by Jiri Tlusty and loses puck.
3:19 of 1st period - Sami Lepisto is hit by Rob Schremp.
3:35 of 1st period - Corey Tropp is hit by Brendon Segal and loses puck.
3:40 of 1st period - Backhand shot by Brendon Segal.
3:40 of 1st period - Shot Blocked by Jamie McBain.
3:42 of 1st period - Slapshot by Frederic St-Denis.
3:42 of 1st period - Shot Misses the Net.
3:44 of 1st period - Slapshot by Frederic St-Denis.
3:44 of 1st period - Shot Misses the Net.
3:54 of 1st period - Frederic St-Denis is hit by Martins Karsums.
3:58 of 1st period - Jamie McBain is hit by Nick Bonino and loses puck.
4:11 of 1st period - Alexander Sulzer is hit by Pavel Brendl and loses puck.
5:08 of 1st period - Snap shot by Craig Weller.
5:08 of 1st period - Shot Blocked by Tim Gleason.
5:10 of 1st period - Slapshot by Matt Taormina.
5:10 of 1st period - Deflect By Jaime Sifers.
5:10 of 1st period - Stopped by Brent Krahn with a rebound.
5:12 of 1st period - Slapshot by Matt Taormina.
5:12 of 1st period - Stopped by Brent Krahn with a rebound.
5:14 of 1st period - Wrist shot by Craig Weller.
5:14 of 1st period - Shot Misses the Net.
5:38 of 1st period - Minor Penalty to Anton Stralman for Hooking.
5:39 of 1st period - Ryan Carter wins face-off versus Chris Stewart in High Goats zone.
5:42 of 1st period - Snap shot by Blake Comeau.
5:42 of 1st period - Shot Blocked by Sami Lepisto.
5:44 of 1st period - Slapshot by Jamie McBain.
5:44 of 1st period - Shot Misses the Net.
5:46 of 1st period - Slapshot by Lasse Kukkonen.
5:46 of 1st period - Shot Hit the Post.
6:57 of 1st period - Matt Taormina is hit by Jaime Sifers and loses puck.
7:35 of 1st period - Matt Taormina is hit by Ryan Vesce.
7:38 of 1st period - Penalty to Anton Stralman is over, Anton Stralman is back on ice.
8:10 of 1st period - Slapshot by Juraj Mikus.
8:10 of 1st period - Stopped by Al Montoya with a rebound.
8:24 of 1st period - Icing by Frederic St-Denis.
8:25 of 1st period - Ryan Carter wins face-off versus Joël Perrault in High Goats zone.
10:05 of 1st period - Jamie McBain is hit by Brandon Bollig and loses puck.
10:26 of 1st period - Snap shot by Blake Comeau.
10:26 of 1st period - Deflect By Justin Abdelkader.
10:26 of 1st period - Shot Misses the Net.
10:26 of 1st period - Puck is out of play.
10:27 of 1st period - Jesse Winchester wins face-off versus Ryan Carter in High Goats zone.
10:34 of 1st period - Slapshot by Sami Lepisto.
10:34 of 1st period - Deflect By Chris Stewart.
10:34 of 1st period - Goal by Chris Stewart - Influenza : 0 - High Goats : 1.
10:35 of 1st period - Ryan Carter wins face-off versus Jesse Winchester in neutral zone.
10:44 of 1st period - Snap shot by Blake Comeau.
10:44 of 1st period - Stopped by Al Montoya with a rebound.
10:46 of 1st period - Snap shot by Ryan Carter.
10:46 of 1st period - Stopped by Al Montoya without a rebound.
10:47 of 1st period - Jesse Winchester wins face-off versus Ryan Carter in High Goats zone.
10:52 of 1st period - Slapshot by Anton Stralman.
10:52 of 1st period - Shot Misses the Net.
10:58 of 1st period - Wrist shot by Justin Abdelkader.
10:58 of 1st period - Stopped by Al Montoya with a rebound.
11:00 of 1st period - Slapshot by Lasse Kukkonen.
11:00 of 1st period - Stopped by Al Montoya with a rebound.
11:02 of 1st period - Snap shot by Ryan Carter.
11:02 of 1st period - Stopped by Al Montoya without a rebound.
11:03 of 1st period - Robbie Earl wins face-off versus Joël Perrault in High Goats zone.
11:05 of 1st period - Minor Penalty to Matt Taormina for Hooking.
11:06 of 1st period - Ryan Carter wins face-off versus Jesse Winchester in High Goats zone.
11:17 of 1st period - Snap shot by Ryan Carter.
11:17 of 1st period - Stopped by Al Montoya with a rebound.
12:22 of 1st period - Tim Gleason is hit by Jiri Tlusty and loses puck.
13:05 of 1st period - Penalty to Matt Taormina is over, Matt Taormina is back on ice.
13:05 of 1st period - Lasse Kukkonen is hit by Matt Taormina and loses puck.
13:19 of 1st period - Snap shot by Jiri Tlusty.
13:19 of 1st period - Stopped by Brent Krahn with a rebound.
14:00 of 1st period - Slapshot by Craig Weller.
14:00 of 1st period - Deflect By Nick Bonino.
14:00 of 1st period - Stopped by Brent Krahn with a rebound.
14:15 of 1st period - Icing by Antti Laaksonen.
14:16 of 1st period - Martins Karsums wins face-off versus Nick Bonino in High Goats zone.
14:23 of 1st period - Wrist shot by Nick Bonino.
14:23 of 1st period - Shot Blocked by Tim Gleason.
14:25 of 1st period - Snap shot by Brandon Bollig.
14:25 of 1st period - Goal by Brandon Bollig - Influenza : 0 - High Goats : 2.
14:26 of 1st period - Jesse Winchester wins face-off versus Ryan Carter in neutral zone.
14:29 of 1st period - Wrist shot by Antti Laaksonen.
14:29 of 1st period - Shot Misses the Net.
14:31 of 1st period - Snap shot by Chris Stewart.
14:31 of 1st period - Stopped by Brent Krahn with a rebound.
14:33 of 1st period - Wrist shot by Jesse Winchester.
14:33 of 1st period - Shot Blocked by Jamie McBain.
14:35 of 1st period - Snap shot by Jesse Winchester.
14:35 of 1st period - Stopped by Brent Krahn with a rebound.
14:37 of 1st period - Snap shot by Antti Laaksonen.
14:37 of 1st period - Stopped by Brent Krahn without a rebound.
14:38 of 1st period - Jesse Winchester wins face-off versus Ryan Carter in Influenza zone.
14:41 of 1st period - Wrist shot by Jesse Winchester.
14:41 of 1st period - Shot Misses the Net.
15:35 of 1st period - Wrist shot by Nick Bonino.
15:35 of 1st period - Stopped by Brent Krahn without a rebound.
15:36 of 1st period - Nick Bonino wins face-off versus Blake Comeau in Influenza zone.
15:39 of 1st period - Slapshot by Craig Weller.
15:39 of 1st period - Stopped by Brent Krahn with a rebound.
15:58 of 1st period - Icing by Anton Stralman.
15:59 of 1st period - Jesse Winchester wins face-off versus Rob Schremp in High Goats zone.
16:04 of 1st period - Wrist shot by Martins Karsums.
16:04 of 1st period - Stopped by Al Montoya with a rebound.
16:33 of 1st period - Wrist shot by Justin Abdelkader.
16:33 of 1st period - Stopped by Al Montoya with a rebound.
16:43 of 1st period - Slapshot by Jamie McBain.
16:43 of 1st period - Deflect By Craig Weller.
16:43 of 1st period - Stopped by Al Montoya without a rebound.
16:44 of 1st period - Nick Bonino wins face-off versus Cody McCormick in High Goats zone.
17:09 of 1st period - Slapshot by Ryan Vesce.
17:09 of 1st period - Shot Misses the Net.
17:20 of 1st period - Snap shot by Justin Abdelkader.
17:20 of 1st period - Shot Misses the Net.
17:40 of 1st period - Anton Stralman is hit by Robbie Earl and loses puck.
19:25 of 1st period - Slapshot by Drayson Bowman.
19:25 of 1st period - Stopped by Brent Krahn with a rebound.
19:53 of 1st period - Snap shot by Brendon Segal.
19:53 of 1st period - Shot Misses the Net.
2nd period
0:01 of 2nd period - Jesse Winchester wins face-off versus Ryan Carter in neutral zone.
0:04 of 2nd period - Ryan Carter is hit by Antti Laaksonen.
0:08 of 2nd period - Wrist shot by Antti Laaksonen.
0:08 of 2nd period - Deflect By Ryan Carter.
0:08 of 2nd period - Stopped by Brent Krahn with a rebound.
0:12 of 2nd period - Wrist shot by Antti Laaksonen.
0:12 of 2nd period - Stopped by Brent Krahn with a rebound.
0:49 of 2nd period - Slapshot by Jaime Sifers.
0:49 of 2nd period - Deflect By Corey Tropp.
0:49 of 2nd period - Shot Misses the Net.
0:49 of 2nd period - Puck is out of play.
0:50 of 2nd period - Nick Bonino wins face-off versus Corey Tropp in High Goats zone.
1:15 of 2nd period - Jaime Sifers is hit by Jiri Tlusty and loses puck.
1:22 of 2nd period - Wrist shot by Corey Tropp.
1:22 of 2nd period - Deflect By Pierre-Cédric Labrie.
1:22 of 2nd period - Stopped by Al Montoya with a rebound.
1:24 of 2nd period - Snap shot by Juraj Mikus.
1:24 of 2nd period - Shot Misses the Net.
1:46 of 2nd period - Slapshot by Sami Lepisto.
1:46 of 2nd period - Stopped by Brent Krahn with a rebound.
1:54 of 2nd period - Wrist shot by Joël Perrault.
1:54 of 2nd period - Goal by Joël Perrault - Influenza : 0 - High Goats : 3.
1:55 of 2nd period - Ryan Carter wins face-off versus Jesse Winchester in neutral zone.
2:06 of 2nd period - Slapshot by Blake Comeau.
2:06 of 2nd period - Stopped by Al Montoya with a rebound.
2:26 of 2nd period - Slapshot by Nick Bonino.
2:26 of 2nd period - Shot Misses the Net.
2:28 of 2nd period - Wrist shot by Craig Weller.
2:28 of 2nd period - Goal by Craig Weller - Influenza : 0 - High Goats : 4.
2:28 of 2nd period - Alex Stalock enters game.
2:29 of 2nd period - Justin Abdelkader wins face-off versus Jesse Winchester in neutral zone.
2:42 of 2nd period - Wrist shot by Antti Laaksonen.
2:42 of 2nd period - Shot Blocked by Lasse Kukkonen.
2:44 of 2nd period - Slapshot by Anton Stralman.
2:44 of 2nd period - Stopped by Alex Stalock without a rebound.
2:45 of 2nd period - Rob Schremp wins face-off versus Joël Perrault in Influenza zone.
2:58 of 2nd period - Wrist shot by Martins Karsums.
2:58 of 2nd period - Deflect By Rob Schremp.
2:58 of 2nd period - Shot Misses the Net.
2:58 of 2nd period - Puck is out of play.
2:59 of 2nd period - Chris Stewart wins face-off versus Blake Comeau in High Goats zone.
2:59 of 2nd period - Chris Stewart is hit by Blake Comeau.
3:04 of 2nd period - Justin Abdelkader beats up Jesse Winchester.
3:04 of 2nd period - Penalty to Jesse Winchester for Fighting.
3:04 of 2nd period - Penalty to Justin Abdelkader for Fighting.
3:05 of 2nd period - Ryan Carter wins face-off versus Brendon Segal in High Goats zone.
4:16 of 2nd period - Wrist shot by Chris Stewart.
4:16 of 2nd period - Goal by Chris Stewart - Influenza : 0 - High Goats : 5.
4:17 of 2nd period - Ryan Carter wins face-off versus Brendon Segal in neutral zone.
4:42 of 2nd period - Ryan Vesce is hit by Joël Perrault and loses puck.
5:26 of 2nd period - Minor Penalty to Martins Karsums for Hooking.
5:27 of 2nd period - Ryan Carter wins face-off versus Joël Perrault in Influenza zone.
5:27 of 2nd period - Ryan Carter is hit by Joël Perrault.
5:42 of 2nd period - Slapshot by Jamie McBain.
5:42 of 2nd period - Stopped by Al Montoya with a rebound.
7:26 of 2nd period - Penalty to Martins Karsums is over, Martins Karsums is back on ice.
7:51 of 2nd period - Frederic St-Denis is hit by Pierre-Cédric Labrie and loses puck.
8:00 of 2nd period - Slapshot by Tim Gleason.
8:00 of 2nd period - Deflect By Pierre-Cédric Labrie.
8:00 of 2nd period - Stopped by Al Montoya with a rebound.
8:09 of 2nd period - Off-side.
8:10 of 2nd period - Cody McCormick wins face-off versus Jesse Winchester in neutral zone.
8:50 of 2nd period - Slapshot by Juraj Mikus.
8:50 of 2nd period - Stopped by Al Montoya with a rebound.
9:12 of 2nd period - Anton Stralman is hit by Ryan Carter and loses puck.
9:48 of 2nd period - Jiri Tlusty is hit by Martins Karsums and loses puck.
10:14 of 2nd period - Slapshot by Jamie McBain.
10:14 of 2nd period - Stopped by Al Montoya with a rebound.
10:16 of 2nd period - Backhand shot by Ryan Carter.
10:16 of 2nd period - Deflect By Blake Comeau.
10:16 of 2nd period - Shot Blocked by Frederic St-Denis.
10:16 of 2nd period - Puck is out of play.
10:17 of 2nd period - Rob Schremp wins face-off versus Antti Laaksonen in High Goats zone.
10:26 of 2nd period - Wrist shot by Martins Karsums.
10:26 of 2nd period - Stopped by Al Montoya with a rebound.
10:44 of 2nd period - Ryan Carter is hit by Pavel Brendl and loses puck.
10:49 of 2nd period - Snap shot by Pavel Brendl.
10:49 of 2nd period - Shot Blocked by Carl Gunnarsson.
10:51 of 2nd period - Slapshot by Pavel Brendl.
10:51 of 2nd period - Shot Blocked by Blake Comeau.
10:53 of 2nd period - Snap shot by Jiri Tlusty.
10:53 of 2nd period - Shot Misses the Net.
10:55 of 2nd period - Snap shot by Joël Perrault.
10:55 of 2nd period - Stopped by Alex Stalock with a rebound.
11:07 of 2nd period - Wrist shot by Thomas Hickey.
11:07 of 2nd period - Stopped by Alex Stalock without a rebound.
11:08 of 2nd period - Petteri Wirtanen wins face-off versus Rob Schremp in Influenza zone.
11:48 of 2nd period - Minor Penalty to Anton Stralman for Roughing.
11:49 of 2nd period - Ryan Carter wins face-off versus Jesse Winchester in High Goats zone.
12:22 of 2nd period - Wrist shot by Rob Schremp.
12:22 of 2nd period - Shot Misses the Net.
12:24 of 2nd period - Wrist shot by Rob Schremp.
12:24 of 2nd period - Stopped by Al Montoya without a rebound.
12:25 of 2nd period - Antti Laaksonen wins face-off versus Martins Karsums in High Goats zone.
13:20 of 2nd period - Snap shot by Robbie Earl.
13:20 of 2nd period - Shot Misses the Net.
13:42 of 2nd period - Slapshot by Jamie McBain.
13:42 of 2nd period - Stopped by Al Montoya with a rebound.
13:44 of 2nd period - Slapshot by Lasse Kukkonen.
13:44 of 2nd period - Deflect By Sami Lepisto.
13:44 of 2nd period - Goal by Lasse Kukkonen - Influenza : 1 - High Goats : 5.
13:45 of 2nd period - Ryan Carter wins face-off versus Joël Perrault in neutral zone.
13:52 of 2nd period - Snap shot by Blake Comeau.
13:52 of 2nd period - Shot Misses the Net.
13:54 of 2nd period - Slapshot by Jaime Sifers.
13:54 of 2nd period - Shot Blocked by Anton Stralman.
13:58 of 2nd period - Slapshot by Blake Comeau.
13:58 of 2nd period - Stopped by Al Montoya without a rebound.
13:59 of 2nd period - Jesse Winchester wins face-off versus Ryan Carter in High Goats zone.
13:59 of 2nd period - Jesse Winchester is hit by Blake Comeau.
14:07 of 2nd period - Antti Laaksonen is hit by Blake Comeau.
14:13 of 2nd period - Snap shot by Justin Abdelkader.
14:13 of 2nd period - Stopped by Al Montoya without a rebound.
14:14 of 2nd period - Ryan Carter wins face-off versus Joël Perrault in High Goats zone.
15:14 of 2nd period - Slapshot by Nick Bonino.
15:14 of 2nd period - Stopped by Alex Stalock with a rebound.
15:16 of 2nd period - Slapshot by Anton Stralman.
15:16 of 2nd period - Goal by Anton Stralman - Influenza : 1 - High Goats : 6.
15:17 of 2nd period - Ryan Carter wins face-off versus Jesse Winchester in neutral zone.
15:46 of 2nd period - Wrist shot by Joël Perrault.
15:46 of 2nd period - Shot Misses the Net.
16:12 of 2nd period - Off-side.
16:13 of 2nd period - Ryan Carter wins face-off versus Nick Bonino in neutral zone.
16:29 of 2nd period - Snap shot by Craig Weller.
16:29 of 2nd period - Stopped by Alex Stalock with a rebound.
17:49 of 2nd period - Snap shot by Rob Schremp.
17:49 of 2nd period - Shot Misses the Net.
17:51 of 2nd period - Snap shot by Martins Karsums.
17:51 of 2nd period - Shot Misses the Net.
17:53 of 2nd period - Wrist shot by Robbie Earl.
17:53 of 2nd period - Stopped by Al Montoya with a rebound.
18:15 of 2nd period - Wrist shot by Martins Karsums.
18:15 of 2nd period - Shot Blocked by Arturs Kulda.
18:17 of 2nd period - Backhand shot by Robbie Earl.
18:17 of 2nd period - Stopped by Al Montoya with a rebound.
18:25 of 2nd period - Snap shot by Rob Schremp.
18:25 of 2nd period - Deflect By Martins Karsums.
18:25 of 2nd period - Stopped by Al Montoya without a rebound.
18:26 of 2nd period - Antti Laaksonen wins face-off versus Blake Comeau in High Goats zone.
18:28 of 2nd period - Jamie McBain beats up Anton Stralman.
18:28 of 2nd period - Penalty to Anton Stralman for Fighting.
18:28 of 2nd period - Penalty to Jamie McBain for Fighting.
18:29 of 2nd period - Jesse Winchester wins face-off versus Ryan Carter in High Goats zone.
18:45 of 2nd period - Off-side.
18:46 of 2nd period - Joël Perrault wins face-off versus Cody McCormick in neutral zone.
18:58 of 2nd period - Minor Penalty to Jiri Tlusty for Slashing.
18:59 of 2nd period - Jesse Winchester wins face-off versus Ryan Carter in High Goats zone.
18:59 of 2nd period - Jesse Winchester is hit by Lasse Kukkonen.
3rd period
0:01 of 3rd period - Ryan Carter wins face-off versus Jesse Winchester in neutral zone.
0:26 of 3rd period - Thomas Hickey is hit by Lasse Kukkonen and loses puck.
0:53 of 3rd period - Tim Gleason is hit by Antti Laaksonen and loses puck.
0:58 of 3rd period - Penalty to Jiri Tlusty is over, Jiri Tlusty is back on ice.
1:08 of 3rd period - Cody McCormick is hit by Pavel Brendl and loses puck.
1:19 of 3rd period - Slapshot by Joël Perrault.
1:19 of 3rd period - Shot Misses the Net.
1:22 of 3rd period - Icing by Alexander Sulzer.
1:23 of 3rd period - Cody McCormick wins face-off versus Nick Bonino in Influenza zone.
1:40 of 3rd period - Wrist shot by Ryan Russell.
1:40 of 3rd period - Shot Blocked by Sami Lepisto.
1:42 of 3rd period - Wrist shot by Lasse Kukkonen.
1:42 of 3rd period - Stopped by Al Montoya with a rebound.
1:44 of 3rd period - Slapshot by Cody McCormick.
1:44 of 3rd period - Goal by Cody McCormick - Influenza : 2 - High Goats : 6.
1:45 of 3rd period - Ryan Carter wins face-off versus Jesse Winchester in neutral zone.
1:48 of 3rd period - Sami Lepisto is hit by Justin Abdelkader and loses puck.
1:59 of 3rd period - Slapshot by Antti Laaksonen.
1:59 of 3rd period - Stopped by Alex Stalock without a rebound.
2:00 of 3rd period - Jiri Tlusty wins face-off versus Rob Schremp in Influenza zone.
2:13 of 3rd period - Snap shot by Pavel Brendl.
2:13 of 3rd period - Shot Blocked by Lasse Kukkonen.
2:15 of 3rd period - Slapshot by Frederic St-Denis.
2:15 of 3rd period - Shot Misses the Net.
2:52 of 3rd period - Wrist shot by Brendon Segal.
2:52 of 3rd period - Stopped by Alex Stalock with a rebound.
3:06 of 3rd period - Craig Weller is hit by Jaime Sifers.
3:33 of 3rd period - Sami Lepisto is hit by Robbie Earl and loses puck.
4:24 of 3rd period - Snap shot by Joël Perrault.
4:24 of 3rd period - Stopped by Alex Stalock with a rebound.
4:26 of 3rd period - Wrist shot by Pavel Brendl.
4:26 of 3rd period - Shot Blocked by Tim Gleason.
4:34 of 3rd period - Wrist shot by Pavel Brendl.
4:34 of 3rd period - Stopped by Alex Stalock with a rebound.
4:48 of 3rd period - Wrist shot by Chris Stewart.
4:48 of 3rd period - Shot Blocked by Jamie McBain.
5:06 of 3rd period - Matt Taormina is hit by Ryan Carter and loses puck.
6:15 of 3rd period - Snap shot by Nick Bonino.
6:15 of 3rd period - Goal by Nick Bonino - Influenza : 2 - High Goats : 7.
6:16 of 3rd period - Jesse Winchester wins face-off versus Ryan Carter in neutral zone.
6:41 of 3rd period - Matt Taormina is hit by Ryan Vesce.
6:57 of 3rd period - Matt Taormina is hit by Jaime Sifers and loses puck.
7:08 of 3rd period - Wrist shot by Juraj Mikus.
7:08 of 3rd period - Stopped by Al Montoya with a rebound.
7:10 of 3rd period - Wrist shot by Corey Tropp.
7:10 of 3rd period - Stopped by Al Montoya with a rebound.
7:12 of 3rd period - Slapshot by Corey Tropp.
7:12 of 3rd period - Deflect By Antti Laaksonen.
7:12 of 3rd period - Shot Misses the Net.
7:12 of 3rd period - Puck is out of play.
7:13 of 3rd period - Pierre-Cédric Labrie wins face-off versus Jiri Tlusty in High Goats zone.
7:28 of 3rd period - Snap shot by Pavel Brendl.
7:28 of 3rd period - Stopped by Alex Stalock without a rebound.
7:29 of 3rd period - Nick Bonino wins face-off versus Ryan Carter in Influenza zone.
7:40 of 3rd period - Craig Weller is hit by Justin Abdelkader.
7:54 of 3rd period - Joël Perrault is hit by Rob Schremp and loses puck.
8:39 of 3rd period - Snap shot by Jesse Winchester.
8:39 of 3rd period - Deflect By Antti Laaksonen.
8:39 of 3rd period - Shot Blocked by Justin Abdelkader.
8:39 of 3rd period - Puck is out of play.
8:40 of 3rd period - Jesse Winchester wins face-off versus Ryan Carter in Influenza zone.
8:47 of 3rd period - Snap shot by Antti Laaksonen.
8:47 of 3rd period - Shot Blocked by Tim Gleason.
8:49 of 3rd period - Snap shot by Jesse Winchester.
8:49 of 3rd period - Shot Blocked by Tim Gleason.
9:05 of 3rd period - Jaime Sifers is hit by Antti Laaksonen and loses puck.
9:26 of 3rd period - Slapshot by Sami Lepisto.
9:26 of 3rd period - Stopped by Alex Stalock with a rebound.
9:28 of 3rd period - Slapshot by Anton Stralman.
9:28 of 3rd period - Stopped by Alex Stalock with a rebound.
9:36 of 3rd period - Wrist shot by Antti Laaksonen.
9:36 of 3rd period - Stopped by Alex Stalock with a rebound.
10:10 of 3rd period - Ryan Carter is hit by Chris Stewart and loses puck.
10:42 of 3rd period - Slapshot by Ryan Carter.
10:42 of 3rd period - Stopped by Al Montoya with a rebound.
10:44 of 3rd period - Wrist shot by Justin Abdelkader.
10:44 of 3rd period - Shot Misses the Net.
10:46 of 3rd period - Snap shot by Jamie McBain.
10:46 of 3rd period - Shot Misses the Net.
11:41 of 3rd period - Snap shot by Chris Stewart.
11:41 of 3rd period - Stopped by Alex Stalock without a rebound.
11:42 of 3rd period - Joël Perrault wins face-off versus Rob Schremp in Influenza zone.
11:43 of 3rd period - Wrist shot by Pavel Brendl.
11:43 of 3rd period - Goal by Pavel Brendl - Influenza : 2 - High Goats : 8.
11:44 of 3rd period - Rob Schremp wins face-off versus Joël Perrault in neutral zone.
13:07 of 3rd period - Minor Penalty to Ryan Vesce for Hooking.
13:08 of 3rd period - Brendon Segal wins face-off versus Rob Schremp in Influenza zone.
13:51 of 3rd period - Slapshot by Sami Lepisto.
13:51 of 3rd period - Shot Blocked by Lasse Kukkonen.
14:08 of 3rd period - Icing by Pavel Brendl.
14:09 of 3rd period - Rob Schremp wins face-off versus Joël Perrault in High Goats zone.
14:59 of 3rd period - Robbie Earl is hit by Pavel Brendl and loses puck.
15:07 of 3rd period - Penalty to Ryan Vesce is over, Ryan Vesce is back on ice.
15:30 of 3rd period - Snap shot by Ryan Vesce.
15:30 of 3rd period - Stopped by Al Montoya without a rebound.
15:31 of 3rd period - Rob Schremp wins face-off versus Drayson Bowman in High Goats zone.
15:38 of 3rd period - Petteri Wirtanen is hit by Robbie Earl and loses puck.
15:57 of 3rd period - Pierre-Cédric Labrie is hit by Craig Weller and loses puck.
16:37 of 3rd period - Backhand shot by Blake Comeau.
16:37 of 3rd period - Shot Blocked by Antti Laaksonen.
16:39 of 3rd period - Wrist shot by Justin Abdelkader.
16:39 of 3rd period - Stopped by Al Montoya without a rebound.
16:40 of 3rd period - Chris Stewart wins face-off versus Robbie Earl in High Goats zone.
16:55 of 3rd period - Snap shot by Antti Laaksonen.
16:55 of 3rd period - Stopped by Alex Stalock with a rebound.
17:07 of 3rd period - Lasse Kukkonen is hit by Jiri Tlusty and loses puck.
17:52 of 3rd period - Snap shot by Ryan Vesce.
17:52 of 3rd period - Stopped by Al Montoya with a rebound.
17:58 of 3rd period - Snap shot by Ryan Vesce.
17:58 of 3rd period - Shot Misses the Net.
18:00 of 3rd period - Slapshot by Cody McCormick.
18:00 of 3rd period - Shot Hit the Post.
18:04 of 3rd period - Wrist shot by Ryan Vesce.
18:04 of 3rd period - Stopped by Al Montoya with a rebound.
18:06 of 3rd period - Snap shot by Ryan Russell.
18:06 of 3rd period - Stopped by Al Montoya without a rebound.
18:07 of 3rd period - Ryan Carter wins face-off versus Jesse Winchester in High Goats zone.
18:13 of 3rd period - Slapshot by Blake Comeau.
18:13 of 3rd period - Stopped by Al Montoya without a rebound.
18:14 of 3rd period - Ryan Carter wins face-off versus Jesse Winchester in High Goats zone.
18:49 of 3rd period - Snap shot by Jaime Sifers.
18:49 of 3rd period - Shot Misses the Net.
19:05 of 3rd period - Wrist shot by Craig Weller.
19:05 of 3rd period - Stopped by Alex Stalock with a rebound.
19:09 of 3rd period - Slapshot by Sami Lepisto.
19:09 of 3rd period - Shot Blocked by Alexander Sulzer.
19:11 of 3rd period - Snap shot by Craig Weller.
19:11 of 3rd period - Stopped by Alex Stalock with a rebound.
19:27 of 3rd period - Snap shot by Ryan Carter.
19:27 of 3rd period - Deflect By Justin Abdelkader.
19:27 of 3rd period - Stopped by Al Montoya with a rebound.
19:29 of 3rd period - Backhand shot by Carl Gunnarsson.
19:29 of 3rd period - Deflect By Drayson Bowman.
19:29 of 3rd period - Stopped by Al Montoya without a rebound.
19:30 of 3rd period - Joël Perrault wins face-off versus Ryan Carter in High Goats zone.
19:46 of 3rd period - Slapshot by Jamie McBain.
19:46 of 3rd period - Deflect By Blake Comeau.
19:46 of 3rd period - Shot Blocked by Arturs Kulda.
19:46 of 3rd period - Puck is out of play.
19:47 of 3rd period - Rob Schremp wins face-off versus Jesse Winchester in High Goats zone.
19:48 of 3rd period - Snap shot by Jamie McBain.
19:48 of 3rd period - Stopped by Al Montoya without a rebound.
19:49 of 3rd period - Martins Karsums wins face-off versus Jesse Winchester in High Goats zone.
Output by the SimonT Hockey Simulator (STHS) for François Prévost -- Original Page W3C XHTML 1.0 Valid